| TOP OF THE 1ST |
|
Orem Owlz batting - Pitching for Pulaski Yankees : LHP Allen Reisinger
|
|
Pitching: LHP Allen Reisinger
|
|
|
Batting: RHB Ken Hillman
|
0-0: Ball 1-0: Ball 2-0: Fly out, F4 (Popup, 4D, EV 55.0 MPH)
|
|
Batting: RHB Fred Saxton
|
0-0: Ball 1-0: Called Strike 1-1: Swinging Strike 1-2: Ball 2-2: SOLO HOME RUN (Flyball, 7D, EV 98.1 MPH), Distance : 377 ft
|
|
Batting: RHB Kyle Gray
|
0-0: Foul Ball, location: 2F 0-1: Called Strike 0-2: Ball 1-2: Ball 2-2: Foul Ball, location: 2F 2-2: Foul Ball, location: 2F 2-2: Ball 3-2: Base on Balls
|
|
Batting: RHB Brian Spry
|
0-0: Called Strike 0-1: Foul Ball, location: 2F 0-2: Ball 1-2: Fly out, F4 (Popup, 34, EV 79.4 MPH)
|
|
Batting: SHB Manuel Martinez
|
0-0: Foul Ball, location: 2F 0-1: Ball 1-1: Ball 2-1: Foul Ball, location: 2F 2-2: Strikes out swinging, 2-3 out at first.
|
| Top of the 1st over - 1 run, 1 hit, 0 errors, 1 left on base; Orem 1 - Pulaski 0 |
| BOTTOM OF THE 1ST |
|
Pulaski Yankees batting - Pitching for Orem Owlz : LHP Tanner Scarlett
|
|
Pitching: LHP Tanner Scarlett
|
|
|
Batting: LHB Dave Ortiz
|
0-0: Swinging Strike 0-1: Ball 1-1: Called Strike 1-2: Ball 2-2: Ground out 4-3 (Groundball, 34, EV 78.8 MPH)
|
|
Batting: RHB Paul Ngumi
|
0-0: Ball 1-0: Called Strike 1-1: Ball 2-1: Fly out, F9 (Flyball, 9D, EV 99.4 MPH)
|
|
Batting: RHB Ken Stair
|
0-0: DOUBLE (Line Drive, 9LM, EV 93.1 MPH) - OUT at third base trying to stretch hit.
|
| Bottom of the 1st over - 0 runs, 1 hit, 0 errors, 0 left on base; Orem 1 - Pulaski 0 |
| TOP OF THE 2ND |
|
Orem Owlz batting - Pitching for Pulaski Yankees : LHP Allen Reisinger
|
|
Batting: RHB Carlos Gonzales
|
0-0: Ball 1-0: Ball 2-0: Ball 3-0: Base on Balls
|
|
Batting: LHB David Coatney
|
0-0: Fly out, F9 (Line Drive, 89M, EV 90.6 MPH)
|
|
Batting: RHB Jesse Sargent
|
0-0: Ball 1-0: Foul Ball, location: 2F 1-1: Called Strike Carlos Gonzales is caught stealing 2nd base 2-4 1-2: Ball 2-2: Fly out, F8 (Flyball, 8LS, EV 93.1 MPH)
|
| Top of the 2nd over - 0 runs, 0 hits, 0 errors, 0 left on base; Orem 1 - Pulaski 0 |
| BOTTOM OF THE 2ND |
|
Pulaski Yankees batting - Pitching for Orem Owlz : LHP Tanner Scarlett
|
|
Batting: RHB Jim O'Dwyer
|
0-0: Ball 1-0: Ball 2-0: SINGLE (Flyball, 34D, EV 90.6 MPH)
|
|
Batting: LHB Troy Jones
|
0-0: Ball 1-0: Called Strike 1-1: Called Strike 1-2: Ball 2-2: Foul Ball, location: 2F 2-2: Ball 3-2: Base on Balls Jim O'Dwyer to second
|
|
Batting: RHB Jonathan Feldstein
|
0-0: Called Strike 0-1: Called Strike 0-2: Foul Ball, location: 2F 0-2: SINGLE (Line Drive, 7S, EV 104.4 MPH) Jim O'Dwyer to third Troy Jones to second
|
|
Batting: RHB Bailey Hays
|
0-0: Ball 1-0: Called Strike 1-1: Foul Ball, location: 2F 1-2: Ball 2-2: Ground out 5-3 (Groundball, 5L, EV 110.0 MPH) Jim O'Dwyer scores Troy Jones to third Jonathan Feldstein to second
|
|
Batting: LHB Rip Log
|
0-0: Foul Ball, location: 2F 0-1: Called Strike 0-2: Strikes out swinging
|
|
Batting: RHB Juan Perez
|
0-0: DOUBLE (Line Drive, 3D, EV 101.9 MPH) Troy Jones scores Jonathan Feldstein scores
|
|
Batting: LHB Dave Ortiz
|
0-0: Called Strike 0-1: Ball 1-1: Swinging Strike 1-2: Foul Ball, location: 2F 1-2: Strikes out swinging
|
| Bottom of the 2nd over - 3 runs, 3 hits, 0 errors, 1 left on base; Orem 1 - Pulaski 3 |
| TOP OF THE 3RD |
|
Orem Owlz batting - Pitching for Pulaski Yankees : LHP Allen Reisinger
|
|
Batting: RHB Steve Neely
|
0-0: Bunt missed! 0-1: Foul Ball, location: 2F 0-2: Ball 1-2: Foul Ball, location: 2F 1-2: Foul Ball, location: 2F 1-2: Ball 2-2: Strikes out swinging
|
|
Batting: RHB Ken Hillman
|
0-0: Called Strike 0-1: Foul Ball, location: 2F 0-2: Ground out 6-3 (Groundball, 6, EV 76.9 MPH)
|
|
Batting: RHB Fred Saxton
|
0-0: Ball 1-0: Fly out, F4 (Popup, 4D, EV 61.2 MPH)
|
| Top of the 3rd over - 0 runs, 0 hits, 0 errors, 0 left on base; Orem 1 - Pulaski 3 |
| BOTTOM OF THE 3RD |
|
Pulaski Yankees batting - Pitching for Orem Owlz : LHP Tanner Scarlett
|
|
Batting: RHB Paul Ngumi
|
0-0: Foul Ball, location: 2F 0-1: Ball 1-1: Ground out 5-3 (Groundball, 56, EV 86.9 MPH)
|
|
Batting: RHB Ken Stair
|
0-0: Ball 1-0: Called Strike 1-1: Ball 2-1: Ground out 6-3 (Groundball, 6, EV 105.6 MPH)
|
|
Batting: RHB Jim O'Dwyer
|
0-0: Called Strike 0-1: Ball 1-1: Fly out, F6 (Popup, 56D, EV 56.9 MPH)
|
| Bottom of the 3rd over - 0 runs, 0 hits, 0 errors, 0 left on base; Orem 1 - Pulaski 3 |
| TOP OF THE 4TH |
|
Orem Owlz batting - Pitching for Pulaski Yankees : LHP Allen Reisinger
|
|
Batting: RHB Kyle Gray
|
0-0: SOLO HOME RUN (Flyball, 9LD, EV 95.6 MPH), Distance : 343 ft
|
|
Batting: RHB Brian Spry
|
0-0: SINGLE (Groundball, 5S, EV 67.5 MPH) (infield hit)
|
|
Batting: SHB Manuel Martinez
|
0-0: Called Strike 0-1: Called Strike 0-2: Ball 1-2: 2-RUN HOME RUN (Flyball, 7D, EV 96.9 MPH), Distance : 389 ft
|
|
Batting: RHB Carlos Gonzales
|
0-0: Foul Ball, location: 2F 0-1: SOLO HOME RUN (Flyball, 9LD, EV 90.6 MPH), Distance : 350 ft
|
|
Pitching: RHP Manny de la Cruz
|
|
|
Batting: LHB David Coatney
|
0-0: Foul Ball, location: 2F 0-1: Called Strike 0-2: Strikes out swinging
|
|
Batting: RHB Jesse Sargent
|
0-0: DOUBLE (Flyball, 78XD, EV 114.4 MPH)
|
|
Batting: RHB Steve Neely
|
0-0: Ball 1-0: Foul Ball, location: 2F 1-1: Ball 2-1: Swinging Strike 2-2: Strikes out swinging
|
|
Batting: RHB Ken Hillman
|
0-0: Called Strike 0-1: Ball 1-1: Foul Ball, location: 2F 1-2: Foul Ball, location: 2F 1-2: Ball 2-2: Ground out 1-3 (Groundball, 13, EV 64.4 MPH)
|
| Top of the 4th over - 4 runs, 5 hits, 0 errors, 1 left on base; Orem 5 - Pulaski 3 |
| BOTTOM OF THE 4TH |
|
Pulaski Yankees batting - Pitching for Orem Owlz : LHP Tanner Scarlett
|
|
Batting: LHB Troy Jones
|
0-0: Ball 1-0: Ground out 4-3 (Groundball, 4S, EV 87.5 MPH)
|
|
Batting: RHB Jonathan Feldstein
|
0-0: Ball 1-0: Called Strike 1-1: Swinging Strike 1-2: Strikes out looking
|
|
Batting: RHB Bailey Hays
|
0-0: Ball 1-0: Ground out 6-3 (Groundball, 6, EV 80.0 MPH)
|
| Bottom of the 4th over - 0 runs, 0 hits, 0 errors, 0 left on base; Orem 5 - Pulaski 3 |
| TOP OF THE 5TH |
|
Orem Owlz batting - Pitching for Pulaski Yankees : RHP Manny de la Cruz
|
|
Batting: RHB Fred Saxton
|
0-0: Called Strike 0-1: Called Strike 0-2: Foul Ball, location: 2F 0-2: Ball 1-2: Strikes out swinging
|
|
Batting: RHB Kyle Gray
|
0-0: Called Strike 0-1: Foul Ball, location: 2F 0-2: Strikes out looking
|
|
Batting: RHB Brian Spry
|
0-0: Fly out, F9 (Flyball, 9, EV 95.0 MPH)
|
| Top of the 5th over - 0 runs, 0 hits, 0 errors, 0 left on base; Orem 5 - Pulaski 3 |
| BOTTOM OF THE 5TH |
|
Pulaski Yankees batting - Pitching for Orem Owlz : LHP Tanner Scarlett
|
|
Batting: LHB Rip Log
|
0-0: Ground out 4-3 (Groundball, 4, EV 81.2 MPH)
|
|
Batting: RHB Juan Perez
|
0-0: DOUBLE (Line Drive, 89D, EV 111.9 MPH)
|
|
Batting: LHB Dave Ortiz
|
0-0: Called Strike 0-1: Foul Ball, location: 2F 0-2: Reached on error, E4 (Groundball, 4, EV 90.0 MPH) Juan Perez to third
|
|
Batting: RHB Paul Ngumi
|
0-0: Ball 1-0: Fly out, F7 (Flyball, 78M, EV 96.2 MPH)
|
|
Batting: RHB Ken Stair
|
0-0: Ball 1-0: Ball 2-0: Ball 3-0: Base on Balls Dave Ortiz to second
|
|
Batting: RHB Jim O'Dwyer
|
0-0: Ball 1-0: SINGLE (Line Drive, 7S, EV 101.9 MPH) Juan Perez scores Dave Ortiz to third Ken Stair to second
|
|
Batting: LHB Troy Jones
|
0-0: Fly out, F8 (Flyball, 8RS, EV 90.0 MPH)
|
| Bottom of the 5th over - 1 run, 2 hits, 1 error, 3 left on base; Orem 5 - Pulaski 4 |
| TOP OF THE 6TH |
|
Orem Owlz batting - Pitching for Pulaski Yankees : RHP Manny de la Cruz
|
|
Batting: SHB Manuel Martinez
|
0-0: Called Strike 0-1: Called Strike 0-2: Ball 1-2: Strikes out swinging
|
|
Batting: RHB Carlos Gonzales
|
0-0: Swinging Strike 0-1: Called Strike 0-2: Ball 1-2: Ball 2-2: Ground out 5-3 (Groundball, 56S, EV 66.2 MPH)
|
|
Batting: LHB David Coatney
|
0-0: Ball 1-0: Called Strike 1-1: Foul Ball, location: 2F 1-2: Strikes out swinging
|
| Top of the 6th over - 0 runs, 0 hits, 0 errors, 0 left on base; Orem 5 - Pulaski 4 |
| BOTTOM OF THE 6TH |
|
Pulaski Yankees batting - Pitching for Orem Owlz : LHP Tanner Scarlett
|
|
Batting: RHB Jonathan Feldstein
|
0-0: Foul Ball, location: 2F 0-1: Called Strike 0-2: Ball 1-2: Fly out, F9 (Line Drive, 9, EV 86.2 MPH)
|
|
Batting: RHB Bailey Hays
|
0-0: Swinging Strike 0-1: Ball 1-1: Swinging Strike 1-2: Ball 2-2: Strikes out swinging
|
|
Batting: LHB Rip Log
|
0-0: Called Strike 0-1: Ball 1-1: Swinging Strike 1-2: SOLO HOME RUN (Flyball, 9D, EV 105.6 MPH), Distance : 375 ft
|
|
Pitching: RHP Jim Sawicki
|
|
|
Batting: RHB Juan Perez
|
0-0: Ball 1-0: Called Strike 1-1: DOUBLE (Groundball, 5L, EV 105.0 MPH)
|
|
Batting: LHB Dave Ortiz
|
0-0: Swinging Strike 0-1: Hit by Pitch
|
|
Batting: RHB Paul Ngumi
|
0-0: Fly out, F9 (Flyball, 9, EV 79.4 MPH)
|
| Bottom of the 6th over - 1 run, 2 hits, 0 errors, 2 left on base; Orem 5 - Pulaski 5 |
| TOP OF THE 7TH |
|
Orem Owlz batting - Pitching for Pulaski Yankees : RHP Manny de la Cruz
|
|
Pitching: RHP Chris Bryant
|
|
|
Pinch Hitting: RHB Daniel Molina
|
0-0: Ball 1-0: Ball 2-0: Foul Ball, location: 2F 2-1: Ground out 6-3 (Groundball, 6, EV 111.9 MPH)
|
|
Pinch Hitting: SHB Cesar Carrasquillo
|
0-0: Called Strike 0-1: Ball 1-1: Foul Ball, location: 2F 1-2: Foul Ball, location: 2F 1-2: SINGLE (Groundball, 34S, EV 69.4 MPH) (infield hit)
|
|
Batting: RHB Ken Hillman
|
0-0: Called Strike 0-1: Ball Passed Ball! Cesar Carrasquillo to second 1-1: Ball 2-1: Swinging Strike 2-2: Strikes out swinging
|
|
Batting: RHB Fred Saxton
|
0-0: Ball 1-0: Swinging Strike 1-1: Called Strike 1-2: Fly out, F5 (Popup, 5SF, EV 73.1 MPH)
|
| Top of the 7th over - 0 runs, 1 hit, 0 errors, 1 left on base; Orem 5 - Pulaski 5 |
| BOTTOM OF THE 7TH |
|
Pulaski Yankees batting - Pitching for Orem Owlz : RHP Jim Sawicki
|
|
Now at 2B: Cesar Carrasquillo
|
|
|
Now in RF: Daniel Molina
|
|
|
Batting: RHB Ken Stair
|
0-0: Swinging Strike 0-1: Ball 1-1: SINGLE (Groundball, 34D, EV 102.5 MPH)
|
|
Pinch Hitting: LHB Chris Viehman
|
0-0: Ball 1-0: Foul Ball, location: 2F 1-1: Ball 2-1: Ball 3-1: Fly out, F8 (Flyball, 89S, EV 81.9 MPH)
|
|
Batting: LHB Troy Jones
|
0-0: Ball 1-0: Called Strike 1-1: Called Strike 1-2: Ball 2-2: Ball 3-2: Fly out, F9 (Flyball, 9LD, EV 90.6 MPH)
|
|
Pinch Hitting: LHB Victor Reyna
|
0-0: Ball 1-0: Swinging Strike 1-1: Foul Ball, location: 2F 1-2: Strikes out looking
|
| Bottom of the 7th over - 0 runs, 1 hit, 0 errors, 1 left on base; Orem 5 - Pulaski 5 |
| TOP OF THE 8TH |
|
Orem Owlz batting - Pitching for Pulaski Yankees : RHP Chris Bryant
|
|
Now at 1B: Chris Viehman
|
|
|
Now at 3B: Victor Garcia
|
|
|
Batting: RHB Kyle Gray
|
0-0: Ground out 5-3 (Groundball, 5S, EV 77.5 MPH)
|
|
Batting: RHB Brian Spry
|
0-0: Called Strike 0-1: Ball 1-1: Ground out 6-3 (Groundball, 6, EV 103.1 MPH)
|
|
Batting: SHB Manuel Martinez
|
0-0: SINGLE (Groundball, 34D, EV 101.2 MPH)
|
|
Pitching: RHP Yoshida Abe
|
|
|
Pinch Hitting: LHB Kevin Feldman
|
0-0: Ball 1-0: SINGLE (Groundball, 4MD, EV 96.2 MPH) Manuel Martinez to second
|
|
Pitching: LHP Jordan Medina
|
|
|
Pinch Hitting: RHB Shawn Jansen
|
0-0: Called Strike 0-1: Ball 1-1: Foul Ball, location: 2F 1-2: Ball Wild Pitch! Manuel Martinez to third Kevin Feldman to second 2-2: Ball 3-2: Strikes out looking
|
| Top of the 8th over - 0 runs, 2 hits, 0 errors, 2 left on base; Orem 5 - Pulaski 5 |
| BOTTOM OF THE 8TH |
|
Pulaski Yankees batting - Pitching for Orem Owlz : RHP Jim Sawicki
|
|
Now in LF: Kevin Feldman
|
|
|
Now in CF: Brendan Garoutte
|
|
|
Pinch Hitting: RHB Yasuoka Tsuda
|
0-0: Called Strike 0-1: Swinging Strike 0-2: Ball 1-2: Foul Ball, location: 2F 1-2: Ball 2-2: Strikes out looking
|
|
Pitching: RHP Michael Coleman
|
|
|
Batting: LHB Rip Log
|
0-0: Swinging Strike 0-1: Foul Ball, location: 2F 0-2: Ball 1-2: Ball 2-2: Foul Ball, location: 2F 2-2: Ball 3-2: Ground out 4-3 (Groundball, 4, EV 108.8 MPH)
|
|
Pinch Hitting: SHB Dylan Best
|
0-0: Called Strike 0-1: Foul Ball, location: 2F 0-2: Strikes out looking
|
| Bottom of the 8th over - 0 runs, 0 hits, 0 errors, 0 left on base; Orem 5 - Pulaski 5 |
| TOP OF THE 9TH |
|
Orem Owlz batting - Pitching for Pulaski Yankees : LHP Jordan Medina
|
|
Now at 3B: Edwin Sierra
|
|
|
Now at SS: Victor Garcia
|
|
|
Now in LF: Tchaa Kombate
|
|
|
Batting: RHB Daniel Molina
|
0-0: Ball 1-0: Foul Ball, location: 2F 1-1: Ball 2-1: Ball 3-1: Base on Balls
|
|
Batting: SHB Cesar Carrasquillo
|
0-0: Grounds into double play, 5-4-3 (Groundball, 56, EV 83.1 MPH)
|
|
Batting: RHB Ken Hillman
|
0-0: Ball 1-0: Swinging Strike 1-1: Ball 2-1: Swinging Strike 2-2: Strikes out looking
|
| Top of the 9th over - 0 runs, 0 hits, 0 errors, 0 left on base; Orem 5 - Pulaski 5 |
| BOTTOM OF THE 9TH |
|
Pulaski Yankees batting - Pitching for Orem Owlz : RHP Michael Coleman
|
|
Batting: LHB Dave Ortiz
|
0-0: Ball 1-0: Ball 2-0: Fly out, F8 (Flyball, 8LXD, EV 91.2 MPH)
|
|
Batting: RHB Paul Ngumi
|
0-0: Foul Ball, location: 2F 0-1: Ground out 1-3 (Groundball, 13, EV 71.9 MPH)
|
|
Batting: RHB Ken Stair
|
0-0: Called Strike 0-1: Ball 1-1: Foul Ball, location: 2F 1-2: Strikes out swinging
|
| Bottom of the 9th over - 0 runs, 0 hits, 0 errors, 0 left on base; Orem 5 - Pulaski 5 |
| TOP OF THE 10TH |
|
Orem Owlz batting - Pitching for Pulaski Yankees : LHP Jordan Medina
|
|
Pitching: RHP Alex Roman
|
|
|
Batting: RHB Fred Saxton
|
0-0: Foul Ball, location: 2F 0-1: Foul Ball, location: 2F 0-2: Foul Ball, location: 2F 0-2: Ball 1-2: Reached on error, E1 (Groundball, 15S, EV 72.5 MPH)
|
|
Batting: RHB Kyle Gray
|
0-0: Called Strike 0-1: Ground out 1-3 (Groundball, 15S, EV 68.1 MPH)
|
|
Batting: RHB Brian Spry
|
0-0: Called Strike Fred Saxton steals 3rd base 0-1: Foul Ball, location: 2F 0-2: Hit by Pitch
|
|
Batting: SHB Manuel Martinez
|
0-0: Ball Wild Pitch! Fred Saxton scores Brian Spry to second 1-0: SINGLE (Groundball, P, EV 90.0 MPH) (infield hit) Brian Spry to third
|
|
Batting: LHB Kevin Feldman
|
0-0: Swinging Strike 0-1: Called Strike 0-2: Ball 1-2: Strikes out swinging
|
|
Batting: RHB Brendan Garoutte
|
0-0: Ball 1-0: Called Strike Manuel Martinez is caught stealing 2nd base 2-4
|
| Top of the 10th over - 1 run, 1 hit, 1 error, 1 left on base; Orem 6 - Pulaski 5 |
| BOTTOM OF THE 10TH |
|
Pulaski Yankees batting - Pitching for Orem Owlz : RHP Michael Coleman
|
|
Pitching: RHP Jerry Romero
|
|
|
Batting: LHB Chris Viehman
|
0-0: Foul Ball, location: 2F 0-1: Ball 1-1: Ball 2-1: Foul Ball, location: 2F 2-2: Strikes out swinging
|
|
Batting: LHB Troy Jones
|
0-0: Foul Ball, location: 2F 0-1: Foul Ball, location: 2F 0-2: SINGLE (Groundball, 4MS, EV 75.0 MPH) (infield hit)
|
|
Batting: RHB Victor Garcia
|
0-0: Called Strike 0-1: Ball 1-1: Ball 2-1: DOUBLE (Line Drive, 7LS, EV 98.1 MPH) Troy Jones to third
|
|
Pinch Hitting: RHB Jose Villanueva
|
0-0: Intentional Walk
|
|
Batting: LHB Rip Log
|
0-0: Foul Ball, location: 2F 0-1: Ball 1-1: Ball 2-1: Ball 3-1: Called Strike 3-2: Strikes out looking
|
|
Pinch Hitting: RHB Scott Cuff
|
0-0: Foul Ball, location: 2F 0-1: Ball 1-1: Called Strike 1-2: Ball 2-2: Foul Ball, location: 2F 2-2: Ball 3-2: Base on Balls Troy Jones scores Victor Garcia to third Jose Villanueva to second
|
|
Pitching: RHP Arnold Frye
|
|
|
Batting: LHB Dave Ortiz
|
0-0: Foul Ball, location: 2F 0-1: Ball 1-1: Foul Ball, location: 2F 1-2: Strikes out looking
|
| Bottom of the 10th over - 1 run, 2 hits, 0 errors, 3 left on base; Orem 6 - Pulaski 6 |
| TOP OF THE 11TH |
|
Orem Owlz batting - Pitching for Pulaski Yankees : RHP Alex Roman
|
|
Now at 3B: Jose Villanueva
|
|
|
Now in LF: Arturo Gomez
|
|
|
Batting: RHB Brendan Garoutte
|
0-0: Foul Ball, location: 2F 0-1: Ball 1-1: Foul Ball, location: 2F 1-2: Ball 2-2: SINGLE (Line Drive, 9S, EV 97.5 MPH)
|
|
Batting: RHB Daniel Molina
|
0-0: Called Strike Brendan Garoutte steals 2nd base 0-1: Ball 1-1: Fly out, F3 (Popup, 23F, EV 85.6 MPH)
|
|
Batting: SHB Cesar Carrasquillo
|
0-0: Ground out 5-3 (Groundball, 56, EV 102.5 MPH)
|
|
Batting: RHB Ken Hillman
|
0-0: Ball 1-0: Ball 2-0: Called Strike 2-1: Ball 3-1: Base on Balls
|
|
Batting: RHB Fred Saxton
|
0-0: Foul Ball, location: 2F 0-1: Fly out, F8 (Flyball, 8RM, EV 96.2 MPH)
|
| Top of the 11th over - 0 runs, 1 hit, 0 errors, 2 left on base; Orem 6 - Pulaski 6 |
| BOTTOM OF THE 11TH |
|
Pulaski Yankees batting - Pitching for Orem Owlz : RHP Arnold Frye
|
|
Batting: RHB Paul Ngumi
|
0-0: Ground out U3 (Groundball, 3, EV 97.5 MPH)
|
|
Batting: RHB Ken Stair
|
0-0: Reached on error, E4 (Groundball, 4, EV 93.8 MPH)
|
|
Batting: LHB Chris Viehman
|
0-0: Called Strike 0-1: Ball 1-1: Ground out U3 (Groundball, 3L, EV 84.4 MPH) Ken Stair to third
|
|
Batting: LHB Troy Jones
|
0-0: Intentional Walk
|
|
Batting: RHB Victor Garcia
|
0-0: Called Strike 0-1: Fielders Choice at 2nd, 5-4 (Groundball, 56, EV 81.9 MPH)
|
| Bottom of the 11th over - 0 runs, 0 hits, 1 error, 2 left on base; Orem 6 - Pulaski 6 |
| TOP OF THE 12TH |
|
Orem Owlz batting - Pitching for Pulaski Yankees : RHP Alex Roman
|
|
Pitching: RHP Zack Young
|
|
|
Batting: RHB Kyle Gray
|
0-0: Called Strike 0-1: Ball 1-1: Ball 2-1: Ground out 4-3 (Groundball, 4MS, EV 84.4 MPH)
|
|
Now at 1B: Mustafa bin Gamali
|
|
|
Now at 2B: Chris Viehman
|
|
|
Batting: RHB Brian Spry
|
0-0: Called Strike 0-1: Ball 1-1: Swinging Strike 1-2: Ball 2-2: TRIPLE (Line Drive, 89XD, EV 103.8 MPH)
|
|
Batting: SHB Manuel Martinez
|
0-0: Intentional Walk
|
|
Batting: LHB Kevin Feldman
|
0-0: Ball 1-0: Swinging Strike 1-1: Foul Ball, location: 2F 1-2: Ball 2-2: Ball 3-2: Fielders Choice at 2nd, 6-4 (Groundball, 6S, EV 93.8 MPH) Brian Spry scores
|
|
Batting: RHB Brendan Garoutte
|
0-0: Ball 1-0: Ball 2-0: Ball 3-0: Called Strike 3-1: Base on Balls Kevin Feldman to second
|
|
Pitching: RHP Mauricio Zambrana
|
|
|
Batting: RHB Daniel Molina
|
0-0: Ball 1-0: Ball 2-0: Ball 3-0: Base on Balls Kevin Feldman to third Brendan Garoutte to second
|
|
Batting: SHB Cesar Carrasquillo
|
0-0: Called Strike 0-1: Foul Ball, location: 2F 0-2: Ball 1-2: Ball 2-2: Foul Ball, location: 2F 2-2: Foul Ball, location: 2F 2-2: Foul Ball, location: 2F 2-2: Ball 3-2: Base on Balls Kevin Feldman scores Brendan Garoutte to third Daniel Molina to second
|
|
Batting: RHB Ken Hillman
|
0-0: Ball 1-0: Foul Ball, location: 2F 1-1: Ball 2-1: Swinging Strike 2-2: Foul Ball, location: 2F 2-2: Strikes out swinging
|
| Top of the 12th over - 2 runs, 1 hit, 0 errors, 3 left on base; Orem 8 - Pulaski 6 |
| BOTTOM OF THE 12TH |
|
Pulaski Yankees batting - Pitching for Orem Owlz : RHP Arnold Frye
|
|
Batting: RHB Jose Villanueva
|
0-0: Foul Ball, location: 2F 0-1: Ball 1-1: DOUBLE (Line Drive, 9LM, EV 89.4 MPH)
|
|
Batting: LHB Rip Log
|
0-0: Called Strike 0-1: Ball 1-1: Swinging Strike 1-2: Ball 2-2: Foul Ball, location: 2F 2-2: Strikes out swinging
|
|
Batting: RHB Arturo Gomez
|
0-0: Called Strike 0-1: Ball 1-1: Foul Ball, location: 2F 1-2: Ball 2-2: Strikes out looking
|
|
Batting: LHB Dave Ortiz
|
0-0: Fly out, F7 (Line Drive, 7S, EV 88.8 MPH)
|
| Bottom of the 12th over - 0 runs, 1 hit, 0 errors, 1 left on base; Orem 8 - Pulaski 6 |
|